 Dungeon Crawl Stone Soup version 0.29.1-1-gd02db6906a (webtiles) character file.

Game seed: 9454193107983024704

22876 Anriel the Thaumaturge (level 12, -1/64 HPs)
             Began as a Deep Elf Conjurer on Oct 19, 2022.
             Was a Believer of Sif Muna.
             Slain by a five-headed hydra (2 damage)
             ... while petrified by Psyche
             ... on level 12 of the Dungeon.
             The game lasted 01:28:51 (12069 turns).

Anriel the Thaumaturge (Deep Elf Conjurer)         Turns: 12069, Time: 01:28:52

Health: -1/64      AC: 13    Str:  4    XL:     12   Next: 66%
Magic:  31/31      EV:  2    Int: 27    God:    Sif Muna [**....]
Gold:   1660       SH:  0    Dex: 21    Spells: 21/38 levels left

rFire   . . .      SeeInvis .   l - +2 dagger (venom)
rCold   . . .      Faith    .   (no shield)
rNeg    + + +      Spirit   .   A - +1 steam dragon scales
rPois   ∞          Reflect  +   k - +2 helmet
rElec   .          Harm     .   z - +0 cloak
rCorr   .          Rampage  .   J - +1 pair of gloves
Will    +....                   d - +0 pair of boots
Stlth   +++.......              r - amulet of reflection
HPRegen 0.20/turn               h - +6 ring of dexterity
MPRegen 0.22/turn               t - +4 ring of slaying

@: petrified, studying Fighting
A: no striking features
a: Renounce Religion, Channel Magic


You were on level 12 of the Dungeon.
You worshipped Sif Muna.
Sif Muna was pleased with you.
You visited 2 branches of the dungeon, and saw 13 of its levels.
You also visited: Bailey.

You collected 1840 gold pieces.
You spent 180 gold pieces at shops.

Inventory:

Hand Weapons
 l - a +2 dagger of venom (weapon)
 y - a +4 quarterstaff of chaos
 E - the +11 sling of the Vanishing Ears {venom, rPois rN++ Will+ Int-3}
   (You took it off a goblin on level 8 of the Dungeon)

   Any ammunition fired from it poisons the flesh of those it strikes.
   Int:       It affects your intelligence (-3).
   rPois:     It protects you from poison.
   rN:        It greatly protects you from negative energy.
   Will:      It increases your willpower.
 M - a +0 rapier
Armour
 d - a +0 pair of boots (worn)
 k - a +2 helmet (worn)
 z - a +0 cloak (worn)
 A - +1 steam dragon scales (worn)
 J - a +1 pair of gloves (worn)
 L - a +0 troll leather armour
Magical Staves
 o - a staff of fire
 H - a staff of cold
 S - a staff of death
Jewellery
 b - an amulet of the acrobat
 c - a ring of flight
 g - an amulet of magic regeneration
 h - a +6 ring of dexterity (left hand)
 r - an amulet of reflection (around neck)
 s - a +6 ring of dexterity
 t - a +4 ring of slaying (right hand)
 w - a +4 ring of slaying
 x - a ring of protection from fire
 C - a ring of fire
Wands
 p - a wand of roots (12)
 I - a wand of charming (6)
Scrolls
 i - 3 scrolls of fear
 m - 3 scrolls of enchant weapon
 u - 8 scrolls of teleportation
 B - a scroll of amnesia
 D - 4 scrolls of identify
 P - a scroll of immolation
 Q - a scroll of poison
Potions
 a - 3 potions of heal wounds
 e - 2 potions of magic
 f - 3 potions of berserk rage
 q - a potion of brilliance
 v - 3 potions of resistance
 F - a potion of might
 G - a potion of curing
 K - a potion of lignification
 N - a potion of ambrosia
 O - a potion of flight
 R - a potion of cancellation
Miscellaneous
 j - a lightning rod (2/4)
 n - a condenser vane


   Skills:
 + Level 3.5 Fighting
 + Level 2.2 Short Blades
 + Level 0.1 Staves
 * Level 11.0 Dodging
 + Level 5.2 Stealth
 - Level 0.2 Shields
 + Level 13.6 Spellcasting
 + Level 10.9 Conjurations
 + Level 3.5 Necromancy
 + Level 2.9 Translocations
 + Level 3.2 Fire Magic
 + Level 2.9 Ice Magic
 * Level 8.2 Air Magic
 * Level 6.9 Invocations
 + Level 1.2 Evocations


You had 21 spell levels left.
You knew the following spells:

 Your Spells              Type           Power      Damage    Failure   Level
a - Magic Dart            Conj           100%       1d8       1%          1
b - Searing Ray           Conj           100%       2d8       1%          2
c - Static Discharge      Conj/Air       63%        3-11/arc  1%          2
d - Iskenderun's Mystic   Conj/Tloc      54%        2d12      1%          4
e - Lightning Bolt        Conj/Air       31%        1d48      1%          5
f - Vampiric Draining     Necr           37%        2d8       1%          3

Your spell library contained the following spells:

 Spells                   Type           Power      Damage    Failure   Level
 Poisonous Vapours        Pois/Air       80%        N/A       1%          2
 Dazzling Flash           Conj/Hex       94%        N/A       1%          3
 Slow                     Hex            72%        N/A       3%          1
 Sting                    Tmut/Pois      72%        1d6       3%          1
 Fulminant Prism          Conj/Hex       23%        3d13      3%          4
 Confusing Touch          Hex            18%        N/A       9%          3
 Olgreb's Toxic Radiance  Pois           18%        N/A       28%         4
 Maxwell's Capacitive Co  Air            29%        ∞         100%        8


Dungeon Overview and Level Annotations

Branches:
Dungeon (12/15)            Temple (1/1) D:7            Lair (0/5) D:11
 Bailey (visited)
    Orc: D:9-12

Altars:
Ashenzari
Cheibriados
Dithmenos
Elyvilon
Fedhas
Gozag
Hepliaklqana
Kikubaaqudgha
Makhleb
Nemelex Xobeh
Okawaru
Qazlal
Ru
Sif Muna
Trog
Uskayaw
Vehumet
Wu Jian
Xom
Yredelemnul
Zin
The Shining One

Shops:
D:9 [

Annotations:
D:6 2 runed translucent doors
D:11 3 runed translucent doors, Peon's ghost, journeyman MiBe
D:12 Psyche


Message History

The five-headed hydra bites you. x2
The five-headed hydra bites you but does no damage. x2
The five-headed hydra bites you.
The yak bellows!
The five-headed hydra bites you but does no damage. x2
The five-headed hydra bites you!
The five-headed hydra bites you but does no damage.
The five-headed hydra bites you!
The five-headed hydra bites you but does no damage. x2
The five-headed hydra bites you.
The five-headed hydra bites you but does no damage. x2
The warg bites you!
The orc shouts!
You hear a shout!
The warg bites you but does no damage.
A slime creature comes into view.
The five-headed hydra bites you. x2
The five-headed hydra bites you but does no damage.
The five-headed hydra completely misses you.
The five-headed hydra bites you! The warg bites you.
An orc warrior comes into view. It is wielding a +0 scimitar.
The human barely misses you. The yak barely misses you.
An orc comes into view. It is wielding a +5 short sword.
The yak gores you!
* * * LOW HITPOINT WARNING * * *
The five-headed hydra barely misses you.
The five-headed hydra bites you!
* * * LOW HITPOINT WARNING * * *
The five-headed hydra bites you.
* * * LOW HITPOINT WARNING * * *
The five-headed hydra bites you!
* * * LOW HITPOINT WARNING * * *
The five-headed hydra bites you!
* * * LOW HITPOINT WARNING * * *
The warg bites you but does no damage.
The orc shouts!
The human hits you but does no damage. The yak gores you.
* * * LOW HITPOINT WARNING * * *
The five-headed hydra bites you but does no damage.
The five-headed hydra bites you.
You die... ..... .. $... o### . #... ...Jo ..##... ...o. ....... oJ....

.......##o...#
.##...
........ho...##
......
.....OY@po^....
......
#####.YD#.....#
...... ###Y#
..### ......
#Y. (.. #.....
##. ### #..J..
.. ...... #.
#.##.? .# ###


You could see a five-headed hydra, 2 slime creatures, a two-headed ogre, 4 yaks,
a human, a warg, an orc warrior, an orc priest and 5 orcs.

Vanquished Creatures
  An orc warlord (Bailey)
  2 two-headed ogres
  Urug (D:11)
  An orc knight (Bailey)
  A cyclops (D:11)
  Joseph (D:7)
  A gargoyle (D:11)
  Maggie (D:7)
  A komodo dragon (D:11)
  3 unseen horrors
  4 trolls
  Sigmund (D:2)
  A wraith (D:6)
  A shadow (D:11)
  20 yaks
  A vampire (D:6)
  A steam dragon (D:9)
  Grum (D:10)
  4 water moccasins
  9 orc warriors
  7 ice beasts
  A sky beast (D:6)
  The ghost of drbonez the Slasher, an amateur HOFi (D:4)
  3 black bears
  An ogre (D:6)
  4 wolves (D:10)
  5 centaurs
  A phantom (D:5)
  A kobold brigand (D:8)
  7 bullfrogs
  7 scorpions
  A gnoll sergeant (D:5)
  3 necrophages
  4 wights (D:6)
  9 howler monkeys
  2 jellies (D:7)
  3 hounds
  A gnoll bouda (D:9)
  5 orc priests
  Crazy Yiuf (D:7)
  10 orc wizards
  7 iguanas
  Robin (D:4)
  6 adders
  14 gnolls
  A shadow imp (D:7)
  A white imp (D:7)
  2 ufetubi
  4 dart slugs
  31 orcs
  13 ball pythons
  8 endoplasms
  2 giant cockroaches (D:4)
  26 goblins
  14 hobgoblins
  7 jackals
  23 kobolds
  3 quokkas
  9 bats
  3 frilled lizards
  5 rats
313 creatures vanquished.

Vanquished Creatures (others)
  An orc wizard (D:5)
  24 fungi (D:11)
  21 plants (D:11)
46 creatures vanquished.

Grand Total: 359 creatures vanquished

Notes
Turn   | Place    | Note
-------+----------+-------------------------------------------
     0 | D:1      | Anriel the Deep Elf Conjurer began the quest for the Orb.
     0 | D:1      | Reached XP level 1. HP: 10/10 MP: 6/6
   102 | D:1      | Reached XP level 2. HP: 12/15 MP: 6/8
   365 | D:1      | Reached skill level 5 in Conjurations
   462 | D:1      | Reached XP level 3. HP: 19/19 MP: 5/10
   647 | D:1      | Learned a level 2 spell: Searing Ray
   650 | D:1      | Learned a level 2 spell: Static Discharge
  1116 | D:2      | Reached XP level 4. HP: 24/24 MP: 8/11
  1134 | D:2      | Reached skill level 4 in Spellcasting
  1168 | D:2      | Noticed Sigmund
  1214 | D:2      | Killed Sigmund
  1215 | D:2      | Reached skill level 5 in Spellcasting
  1215 | D:2      | Reached XP level 5. HP: 17/28 MP: 9/14
  1415 | D:2      | Reached XP level 6. HP: 32/32 MP: 14/16
  2249 | D:4      | Noticed drbonez's ghost (amateur HOFi)
  2274 | D:4      | Found a runed translucent gate.
  2274 | D:4      | Found a runed translucent gate.
  2276 | D:4      | Found a runed translucent gate.
  2305 | D:4      | Noticed Robin
  2340 | D:4      | Reached skill level 6 in Spellcasting
  2593 | D:4      | Reached XP level 7. HP: 33/36 MP: 11/18
  2626 | D:4      | Killed Robin
  2911 | D:4      | Reached skill level 5 in Dodging
  3113 | D:4      | Killed drbonez's ghost
  3114 | D:4      | Reached skill level 7 in Spellcasting
  3114 | D:4      | Reached skill level 1 in Air Magic
  3402 | D:5      | Entered Level 5 of the Dungeon
  3575 | D:5      | Reached skill level 8 in Spellcasting
  3575 | D:5      | Reached XP level 8. HP: 31/41 MP: 16/22
  4328 | D:5      | Found an ornate altar of the Wu Jian Council.
  4328 | D:5      | Found a hide-covered altar of Uskayaw.
  4381 | D:6      | Learned a level 4 spell: Iskenderun's Mystic Blast
  4387 | D:6      | Learned a level 5 spell: Lightning Bolt
  4391 | D:6      | Learned a level 3 spell: Vampiric Draining
  4417 | D:6      | Identified a scroll of acquirement
  4417 | D:6      | Acquired 1004 gold pieces
  4451 | D:6      | Found a large runed translucent door.
  4452 | D:6      | Found a large runed translucent door.
  4477 | D:6      | Found a large runed translucent door.
  4477 | D:6      | Found a large runed translucent door.
  4494 | D:6      | Reached skill level 9 in Spellcasting
  4551 | D:6      | Killed an unseen horror
  4552 | D:6      | Reached XP level 9. HP: 8/46 MP: 16/24
  4837 | D:6      | Reached skill level 1 in Fighting
  5116 | D:6      | Reached skill level 10 in Spellcasting
  5732 | D:7      | Found a runed translucent door.
  5733 | D:7      | Noticed Crazy Yiuf
  5741 | D:7      | Killed Crazy Yiuf
  5822 | D:7      | Found a staircase to the Ecumenical Temple.
  5853 | Temple   | Entered the Ecumenical Temple
  6004 | Temple   | Became a worshipper of Sif Muna the Loreminder
  6103 | D:7      | Noticed Maggie
  6116 | D:7      | Killed Maggie
  6239 | D:7      | Reached skill level 1 in Short Blades
  6239 | D:7      | Reached skill level 1 in Invocations
  6434 | D:7      | Reached XP level 10. HP: 54/54 MP: 23/26
  6708 | D:7      | Noticed Joseph
  6724 | D:7      | Killed Joseph
  6922 | D:7      | Found a blossoming altar of Fedhas.
  6966 | D:7      | Found a bloodstained altar of Trog.
  7050 | D:8      | Found an iron altar of Okawaru.
  7198 | D:8      | Identified the +11 sling of the Vanishing Ears {venom,
                  | rPois rN++ Will+ Int-3}
  7220 | D:8      | Found a flagged portal.
  7257 | Bailey   | Entered a bailey
  7296 | Bailey   | Noticed an orc warlord
  7322 | Bailey   | Reached * piety under Sif Muna
  7339 | Bailey   | Reached skill level 11 in Spellcasting
  7550 | Bailey   | Noticed an orc knight
  7558 | Bailey   | Killed an orc knight
  7740 | Bailey   | Found a runed translucent gate.
  7740 | Bailey   | Found a runed translucent gate.
  7749 | Bailey   | Found a runed translucent gate.
  7818 | Bailey   | Killed an orc warlord
  7819 | Bailey   | Reached skill level 10 in Conjurations
  7819 | Bailey   | Reached skill level 5 in Air Magic
  7819 | Bailey   | Reached skill level 1 in Evocations
  7973 | D:8      | Reached skill level 10 in Dodging
  8173 | D:8      | Found a glowing golden altar of the Shining One.
  8173 | D:8      | Found a white marble altar of Elyvilon.
  8174 | D:8      | Found a glowing silver altar of Zin.
  8233 | D:8      | Reached skill level 5 in Invocations
  8233 | D:8      | Reached XP level 11. HP: 60/60 MP: 28/28
  8922 | D:9      | Noticed a two-headed ogre
  8940 | D:9      | Killed a two-headed ogre
  8941 | D:9      | Reached skill level 12 in Spellcasting
  8948 | D:9      | Reached XP level 12. HP: 52/64 MP: 20/30
  9316 | D:9      | Found Toicse's Antique Armour Shoppe.
  9323 | D:9      | Bought a pair of embroidered gloves for 180 gold pieces
  9545 | D:10     | Entered Level 10 of the Dungeon
  9667 | D:10     | Reached ** piety under Sif Muna
  9984 | D:10     | Noticed Grum
 10005 | D:10     | Killed Grum
 10476 | D:11     | Reached skill level 5 in Stealth
 10514 | D:11     | Noticed Urug
 10536 | D:11     | Killed Urug
 10537 | D:11     | Reached skill level 13 in Spellcasting
 10732 | D:11     | Found a staircase to the Lair.
 11089 | D:11     | Reached *** piety under Sif Muna
 11245 | D:11     | Found a runed translucent gate.
 11245 | D:11     | Found a runed translucent gate.
 11245 | D:11     | Found a runed translucent gate.
 11246 | D:11     | Noticed Peon's ghost (journeyman MiBe)
 11483 | D:11     | Noticed a two-headed ogre
 11497 | D:11     | Killed a two-headed ogre
 12060 | D:12     | Noticed Psyche
 12063 | D:12     | Noticed a five-headed hydra
 12064 | D:12     | Noticed a two-headed ogre
 12068 | D:12     | HP: 2/64 [five-headed hydra (3)]
 12069 | D:12     | Slain by a five-headed hydra

Illustrated notes

Levels and vault maps discovered:
D:1:      giann_forest_graveyard, layout_rooms, minmay_close_crescents
D:2:      layout_rooms, uniq_sigmund
D:3:      layout_basic, small_statue_intersection
D:4:      layout_loops_ring, gammafunk_ghost_split, nrook_campfire, uniq_robin
D:5:      layout_loops_ring, gammafunk_temple_overflow_statue, serial_glass,
          glass_columns_a, glass_columns_a
D:6:      layout_cave_pools, minmay_hollow_rounded_squares
D:7:      layout_loops_ring, lightli_temple_of_fire, fedhas_altar_fruit_tree,
          minmay_temple_entry_arrows, uniq_maggie, uniq_crazy_yiuf_cottage,
          uniq_joseph
D:8:      layout_basic, good_gods_temple_1, mainiacjoe_overflow_paths,
          enter_bailey_5
D:9:      layout_rooms, serial_shops, nicolae_shop_trees,
          nicolae_concentric_dashed_squares_wild
D:10:     layout_long_grid, uniq_grum
D:11:     layout_layer_cave, due_lair_maze_entry_diamond,
          ebering_ghost_rock_garden, uniq_urug
D:12:     minmay_chambers_of_sixes, layout_rooms, erik_orc_4, serial_shops,
          nicolae_shop_crystal, uniq_psyche
Temple:   nicolae_temple_two_arcs

Skill      XL: |  1  2  3  4  5  6  7  8  9 10 11 12 |
---------------+-------------------------------------+-----
Conjurations   | 5 6 7 8 9 10 | 10.9
Dodging        | 3 4 5 7 8 10 11 | 11.0
Spellcasting   | 5 6 8 9 10 11 12 13 | 13.6
Stealth        | 3 4 5 |  5.2
Air Magic      | 1 2 4 6 7 8 |  8.2
Fighting       | 2 3 |  3.5
Short Blades   | 1 2 |  2.2
Invocations    | 1 5 6 |  6.9
Evocations     | 1 |  1.2
Necromancy     | 3 |  3.5
Translocations | 2 |  2.9
Fire Magic     | 3 |  3.2
Ice Magic      | 2 |  2.9
Staves         | |  0.1
Shields        | |  0.2

Action                   |  1- 3 |  4- 6 |  7- 9 | 10-12 || total
-------------------------+-------+-------+-------+-------++-------
Melee: Unarmed           |     3 |       |       |       ||     3
       Staff             |       |    14 |       |       ||    14
       Dagger            |       |       |    17 |    91 ||   108
       Punch             |       |       |     1 |     2 ||     3
 Cast: Magic Dart        |    80 |    79 |    95 |   129 ||   383
       Static Discharge  |     4 |     9 |    28 |    17 ||    58
       Searing Ray       |       |     9 |    37 |    25 ||    71
       Lightning Bolt    |       |       |     2 |    54 ||    56
       Vampiric Draining |       |       |       |     4 ||     4
Invok: Channel Magic     |       |       |       |     1 ||     1
Evoke: Lightning rod     |       |       |       |     4 ||     4
       Wand              |       |       |       |     3 ||     3
       Condenser vane    |       |       |       |     1 ||     1
  Use: Potion            |     1 |       |    12 |     7 ||    20
       Scroll            |       |    13 |    11 |     6 ||    30
Armor: Robe              |    10 |     8 |    17 |       ||    35
       Skin              |       |       |    28 |       ||    28
       Steam dragon scal |       |       |       |    51 ||    51
Dodge: Dodged            |    22 |    38 |    76 |   136 ||   272
Block: Other             |       |       |       |    26 ||    26
       Reflection        |       |       |       |     2 ||     2
